 Dungeon Crawl Stone Soup version 0.19.1-1-g22dce08 (webtiles) character file.

182 M4edhros the Scratcher (level 5, 0/33 HPs)
             Began as a Felid Chaos Knight on Jan 4, 2017.
             Killed by divine providence
             ... invoked by a smoke demon
              (9 damage)
             ... on level 2 of the Abyss.
             The game lasted 00:12:33 (26981 turns).

M4edhros the Scratcher (Felid Chaos Knight)        Turns: 26981, Time: 00:12:33

Health: 0/33       AC: 23    Str: 10    XL:     5   Next: 35%
Magic:  6/6        EV:  4    Int: 11    God:    Xom [*.....]
Gold:   288        SH:  0    Dex: 14    Spells: 0 memorised, 4 levels left
                                        Lives:  0   Deaths: 2

rFire  . . .     SeeInvis +       - Unarmed
rCold  . . .     Gourm    .     (armour unavailable)
rNeg   + + +     Faith    .     (shield unavailable)
rPois  +         Spirit   .     (helmet unavailable)
rElec  .         Reflect  .     (cloak unavailable)
rCorr  .         Harm     .     (gloves unavailable)
MR     +....     Clarity  +     (boots unavailable)
Stlth  ++........ NoTele   +    i - amulet of rage
                                (no ring)
                                h - +1 ring of protection

@: liquid flames, tree-form, glowing
A: no armour, no weapons or thrown items, stealth, (claws 0), (fangs 0), (horns
0), thin skeletal structure 1, (yellow scales 0), see invisible, carnivore 3,
clarity, clumsy 2, dopey 1, (speed 0), frail 1, magic resistance 1, mutation
resistance 1, screaming 1, (shaggy fur 0), (electricity resistance), slow
metabolism 1, (sharp paws)
a: Renounce Religion, Evoke Berserk Rage


You were on level 2 of the Abyss.
You worshipped Xom.
You were a special plaything of Xom.
You were not hungry.
You were a tree.
You visited 2 branches of the dungeon, and saw 5 of its levels.
You visited the Abyss 1 time.

You collected 288 gold pieces.

Inventory:

Jewellery
 h - a +1 ring of protection (left branch)
 i - an amulet of rage (around neck)
Wands
 b - a wand of paralysis (16/24)
 d - a wand of flame (7/48)
 k - a wand of polymorph (18/24)
 m - a wand of paralysis (6/24)
 q - a wand of digging (9/24)
 s - a wand of lightning (11/15)
 w - a wand of slowing (23/48)
Scrolls
 f - a scroll of amnesia {unknown}
 g - a scroll of fear {unknown}
 n - 2 scrolls of identify
 o - 4 scrolls of immolation {unknown}
 p - a scroll of enchant weapon {unknown}
 t - a scroll of teleportation {unknown}
 u - a scroll of remove curse {unknown}
 v - a scroll of recharging {unknown}
Potions
 c - 2 potions of cancellation
Books
 e - Xom's Catalogue of the Wheelwright
   (Xom gifted it to you on level 1 of the Dungeon)

   Spells                             Type                      Level
   a - Leda's Liquefaction            Hexes/Earth                  4
   b - Yara's Violent Unravelling     Hexes/Transmutation          5
   c - Iron Shot                      Conjuration/Earth            6
Comestibles
 a - 4 meat rations


   Skills:
 + Level 4.6 Fighting
 + Level 5.5 Dodging
 + Level 4.7 Stealth
 * Level 5.9 Unarmed Combat


You had 4 spell levels left.
You didn't know any spells.

Dungeon Overview and Level Annotations

Branches:
Dungeon (4/15)             Temple (1/1) D:4

Altars:
Ashenzari
Cheibriados
Dithmenos
Elyvilon
Fedhas
Gozag
Hepliaklqana
Nemelex Xobeh
Okawaru
Qazlal
Trog
Uskayaw
Vehumet
Xom
Yredelemnul
Zin
The Shining One


Innate Abilities, Weirdness & Mutations

You cannot wear armour.
You are incapable of wielding weapons or throwing items.
Your paws allow you to move quietly. (Stealth)
((You have sharp claws.))
((You have razor-sharp teeth.))
You have supernaturally acute eyesight. (SInv)
You are carnivorous and can eat meat at any time.
((You cover ground quickly.))
((Your thick and shaggy fur keeps you warm. (AC +3, rC+)))
You have a slow metabolism.
((Your sharp claws are effective at attacking unaware monsters.))
((You have a pair of small horns on your head.))
You have a somewhat thin skeletal structure. (Dex +2, Stealth)
((You are mostly covered in yellow scales. (AC +3)))
You possess an exceptional clarity of mind.
You are very clumsy. (Dex -4)
You are dopey. (Int -2)
You are frail. (-10% HP)
You are resistant to hostile enchantments. (MR+)
You are somewhat resistant to further mutation.
You occasionally shout uncontrollably at your foes.
((You are resistant to electric shocks. (rElec)))


Message History

The naga disappears in a puff of smoke!
The mana viper disappears in a puff of smoke!
The naga disappears in a puff of smoke!
The smoke demon hits you but does no damage. x3
You smack the smoke demon!
The smoke demon is moderately wounded.
You are covered in liquid flames!
Xom's attention turns to you for a moment.
You spin around.
The smoke demon hits you but does no damage. x2
The smoke demon hits you.
You smack the smoke demon!
The smoke demon is severely wounded.
You are covered in liquid flames!
* * * LOW HITPOINT WARNING * * *
The worldbinder calls forth creatures from the Snake Pit!
The smoke demon gestures at you. Something smites you!
You die...
Xom is highly amused!

.. ..... ....
..###...###...#
...#.....#.....
...............
................
...........?.. #..
. #..3..# ... ##
..###..♣###...
#.....#.....#....
..........S......
...................
.........Kx.......
#. ...#...§.#.....#
#...###...###...##
#.....#.....#.....#
..... .....K.......


You could see a worldbinder, a kobold demonologist, a black mamba and a smoke
demon.

Vanquished Creatures
  An ogre (D:4)
  A bullfrog zombie (D:4)
  The ghost of M4edhros the Ducker, a weakling FeCK of Xom (D:3)
  An orc priest (D:4)
  The ghost of M4edhros the Charlatan, a weakling FeAr (D:4)
  2 orc wizards (D:4)
  An iron imp (Abyss:2)
  3 worker ants
  A hound skeleton (D:4)
  Robin (D:2)
  5 gnolls
  5 adders
  An ooze (D:4)
  2 worms (D:4)
  3 dart slugs
  4 leopard geckos
  13 orcs
  2 giant cockroaches
  21 goblins
  8 hobgoblins
  10 jackals
  6 kobolds
  3 quokkas
  A ball python (D:1)
  3 bats
  6 frilled lizards
  A jackal skeleton (D:4)
  A leopard gecko skeleton (D:4)
  5 rats
113 creatures vanquished.

Vanquished Creatures (collateral kills)
  An ogre (D:4)
  2 orcs (D:4)
3 creatures vanquished.

Vanquished Creatures (others)
  A gnoll (D:4)
  A dart slug (D:1)
  2 jackals (D:1)
4 creatures vanquished.

Grand Total: 120 creatures vanquished

Notes
Turn   | Place    | Note
-------+----------+-------------------------------------------
     0 | D:1      | M4edhros the Felid Chaos Knight began the quest for the Orb.
     0 | D:1      | Reached XP level 1. HP: 10/10 MP: 2/2
    70 | D:1      | XOM: harmless Summ miscast
   547 | D:1      | Reached XP level 2. HP: 9/14 MP: 3/3
   590 | D:1      | XOM: give mutation
   590 | D:1      | Gained mutation: You are partially covered in yellow scales. (AC +2) [Xom's grace]
   605 | D:1      | XOM: divine lightning
   609 | D:1      | XOM: confuse monster(s)
   627 | D:1      | Reached skill level 1 in Stealth
   639 | D:1      | XOM: chaos cloud
   640 | D:1      | XOM: give mutations
   640 | D:1      | Gained mutation: You can translocate small distances at will. [Xom's grace]
   640 | D:1      | Gained mutation: You passively map a small area around you. [Xom's grace]
   640 | D:1      | Gained mutation: You are mostly covered in yellow scales. (AC +3) [Xom's grace]
   640 | D:1      | Gained mutation: Your muscles are strong. (Str +2) [Xom's grace]
   698 | D:1      | Identified Xom's Catalogue of the Wheelwright (Xom gifted it to you on level 1 of the Dungeon)
   698 | D:1      | XOM: god gift: Xom's Catalogue of the Wheelwright
   716 | D:1      | XOM: give mutation
   716 | D:1      | Gained mutation: You are covered in thick fur. (AC +2) [Xom's grace]
   810 | D:1      | XOM: give mutations
   810 | D:1      | Gained mutation: You are resistant to hostile enchantments. (MR+) [Xom's grace]
   810 | D:1      | Gained mutation: You have a pair of small horns on your head. [Xom's grace]
  1346 | D:1      | XOM: scenery: create altars
  1784 | D:1      | XOM: stat loss: -1 Int (12/13)
  1892 | D:1      | XOM: scenery: create altars
  1945 | D:1      | XOM is BORED!
  1945 | D:1      | XOM: summons 1 hostile demon
  2031 | D:1      | XOM: divination: detect creatures
  2067 | D:1      | XOM: scenery: create altars
  2122 | D:2      | Reached XP level 3. HP: 17/17 MP: 4/4
  2274 | D:4      | XOM: butterfly on damage
  2331 | D:4      | Noticed an ogre
  2338 | D:4      | Reached XP level 4. HP: 6/21 MP: 5/5
  2391 | D:4      | XOM: mild Chrm miscast
  2410 | D:4      | XOM: destruction
  2412 | D:4      | Killed an ogre
  2412 | D:4      | Reached XP level 5. HP: 8/25 MP: 6/6
  2731 | D:4      | XOM: blink monster(s)
  3102 | D:4      | XOM: cloud trail
  3382 | D:4      | XOM: god gift: 12 gold pieces
  3853 | D:4      | XOM: enchant monster (good)
  3996 | D:3      | XOM: harmless Summ miscast
  4002 | D:3      | XOM: divination: detect items
  4076 | D:3      | XOM: draining
  4260 | D:4      | Reached skill level 5 in Unarmed Combat
  4589 | D:4      | Gained mutation: Your thick and shaggy fur keeps you warm. (AC +3, rC+) [Felid growth]
  4589 | D:4      | Reached XP level 6. HP: 28/28 MP: 7/7
  4611 | D:4      | XOM: mild Summ miscast
  4668 | D:4      | XOM: cloud trail
  4675 | D:4      | Found a staircase to the Ecumenical Temple.
  4682 | D:4      | XOM: polymorph orc -> goblin
  4691 | D:4      | XOM: summons 6 friendly demons
  4724 | Temple   | Entered the Ecumenical Temple
  5142 | Temple   | XOM: scenery: 1 doors open
  5174 | Temple   | XOM: scenery: 1 doors close
  5892 | Temple   | XOM: give mutation
  5892 | Temple   | Lost mutation: You are resistant to hostile enchantments. (MR+) [Xom's mischief]
  5990 | Temple   | XOM: god gift: 16 arrows
  6273 | Temple   | XOM: medium Hex miscast
  6279 | Temple   | XOM: cast spell 'Ice Form'
  6307 | Temple   | XOM is BORED!
  6450 | Temple   | XOM: 2-stop teleportation journey
  6776 | Temple   | XOM: cloud trail
  6882 | Temple   | XOM: god gift: thin pearl amulet {god gift}
  6943 | Temple   | XOM: scenery: 1 doors close
  7387 | Temple   | XOM: give mutations
  7387 | Temple   | Lost mutation: You have a pair of small horns on your head. [Xom's mischief]
  7387 | Temple   | Lost mutation: Your muscles are strong. (Str +2) [Xom's mischief]
  7387 | Temple   | Gained mutation: You are somewhat resistant to further mutation. [Xom's mischief]
  7433 | Temple   | XOM: scenery: 1 doors open
  7735 | Temple   | XOM: 4-stop teleportation journey
  7883 | Temple   | XOM: harmless Tmut miscast
  7908 | Temple   | XOM: harmless Conj miscast
  7918 | Temple   | XOM: medium Necr miscast
  8140 | Temple   | XOM: medium Conj miscast
  8209 | Temple   | XOM: summons 3 hostile demons
  8210 | Temple   | Noticed an ice devil
  8230 | D:4      | XOM: harmless Ice miscast
  8475 | Temple   | XOM: scenery: 1 doors close
  8583 | Temple   | XOM: god gift: club {god gift}
  8585 | Temple   | XOM: harmless Ice miscast
  8880 | Temple   | XOM: harmless Tloc miscast
  9081 | Temple   | XOM is BORED!
  9081 | Temple   | XOM: give mutation
  9081 | Temple   | Lost mutation: You are somewhat resistant to further mutation. [Xom's mischief]
  9119 | Temple   | XOM: medium Pois miscast
  9237 | Temple   | XOM: give mutations
  9237 | Temple   | Gained mutation: Your body sometimes deteriorates upon taking damage. [Xom's mischief]
  9237 | Temple   | Gained mutation: Your magical capacity is low. (-10% MP) [Xom's mischief]
  9237 | Temple   | Gained mutation: You are frail. (-10% HP) [Xom's mischief]
  9594 | Temple   | XOM: draining
 10144 | D:4      | Noticed M4edhros's ghost (weakling FeAr)
 10149 | D:4      | Killed M4edhros's ghost
 10193 | D:4      | XOM: noise
 10313 | D:4      | XOM: god gift: wand of paralysis {god gift}
 10543 | D:3      | Reached skill level 5 in Dodging
 10693 | D:3      | Found a snail-covered altar of Cheibriados.
 10713 | D:3      | Noticed M4edhros's ghost (weakling FeCK)
 10718 | D:3      | Killed M4edhros's ghost
 10718 | D:3      | Reached XP level 7. HP: 29/29 MP: 7/7
 10811 | D:3      | Found a shadowy altar of Dithmenos.
 11202 | Temple   | XOM: harmless Conj miscast
 11357 | Temple   | XOM: harmless Conj miscast
 11560 | Temple   | XOM: god gift: mace {god gift}
 11898 | Temple   | XOM: god gift: scythe {god gift}
 12213 | Temple   | XOM: god gift: 20 gold pieces
 12217 | Temple   | XOM: god gift: runed dagger {god gift}
 12431 | Temple   | XOM: scenery: 1 doors open
 12629 | Temple   | XOM: cloud trail
 12738 | Temple   | XOM: harmless Divn miscast
 13138 | Temple   | XOM: medium Air miscast
 13694 | Temple   | XOM is BORED!
 13694 | Temple   | XOM: give mutations
 13694 | Temple   | Gained mutation: You are clumsy. (Dex -2) [Xom's mischief]
 14259 | Temple   | XOM: harmless Summ miscast
 14448 | Temple   | XOM: noise
 14885 | Temple   | XOM: noise
 14889 | Temple   | XOM: mild Necr miscast
 14966 | Temple   | XOM: give mutations
 14966 | Temple   | Gained mutation: Your spells are a little harder to cast, but a little more powerful. [Xom's grace]
 14966 | Temple   | Lost mutation: Your magical capacity is low. (-10% MP) [Xom's grace]
 14966 | Temple   | Gained mutation: You are resistant to electric shocks. (rElec) [Xom's grace]
 15080 | Temple   | XOM: give mutation
 15080 | Temple   | Gained mutation: You possess an exceptional clarity of mind. [Xom's grace]
 16117 | Temple   | XOM: god gift: scroll labeled ENAOSTROSHRO {god gift}
 16514 | D:3      | XOM is BORED!
 16514 | D:3      | XOM: summons 3 hostile shadow creatures
 16732 | D:2      | Found an iron altar of Okawaru.
 16972 | D:2      | Noticed Robin
 17040 | D:2      | XOM: god gift: scroll labeled EVIEDULUSEI {god gift}
 17046 | D:2      | Killed Robin
 17134 | D:4      | XOM: summons 2 hostile demons
 17482 | Temple   | XOM: give mutations
 17482 | Temple   | Lost mutation: Your body sometimes deteriorates upon taking damage. [Xom's mischief]
 17482 | Temple   | Lost mutation: Your spells are a little harder to cast, but a little more powerful. [Xom's mischief]
 17482 | Temple   | Lost mutation: You passively map a small area around you. [Xom's mischief]
 17678 | Temple   | XOM: harmless Chrm miscast
 18479 | Temple   | XOM is BORED!
 18967 | Temple   | XOM: scenery: 1 doors close
 19218 | Temple   | XOM: god gift: 16 gold pieces
 19222 | Temple   | XOM: harmless Divn miscast
 19410 | Temple   | XOM: scenery: 1 doors open
 20081 | Temple   | XOM: god gift: bronze wand {god gift}
 20787 | Temple   | XOM is BORED!
 20787 | Temple   | XOM: give mutations
 20787 | Temple   | Lost mutation: You can translocate small distances at will. [Xom's mischief]
 20787 | Temple   | Gained mutation: You are dopey. (Int -2) [Xom's mischief]
 20787 | Temple   | Gained mutation: You occasionally shout uncontrollably at your foes. [Xom's mischief]
 20787 | Temple   | Gained mutation: You are very clumsy. (Dex -4) [Xom's mischief]
 21646 | Temple   | XOM: mild Tloc miscast
 22516 | Temple   | XOM: scenery: 1 doors close
 23002 | Temple   | XOM: mild Pois miscast
 23174 | Temple   | XOM: give mutations
 23174 | Temple   | Gained mutation: You have a pair of small horns on your head. [Xom's grace]
 23174 | Temple   | Gained mutation: You are resistant to hostile enchantments. (MR+) [Xom's grace]
 23174 | Temple   | Gained mutation: You are somewhat resistant to further mutation. [Xom's grace]
 23174 | Temple   | Gained mutation: You have a somewhat thin skeletal structure. (Dex +2, Stealth) [Xom's grace]
 23227 | Temple   | XOM: scenery: 1 doors open
 24961 | Temple   | XOM: divination: detect creatures
 24985 | Temple   | XOM: mild Pois miscast
 25038 | Temple   | XOM: noise
 25610 | D:3      | XOM: divination: detect items
 25813 | D:2      | XOM: harmless Summ miscast
 26217 | Temple   | XOM: medium Conj miscast
 26725 | Temple   | XOM: severe Summ miscast
 26725 | Temple   | Cast into level 2 of the Abyss (the severe capriciousness of Xom)
 26744 | Abyss:2  | XOM: summons 2 hostile shadow creatures
 26745 | Abyss:2  | Noticed a flying skull
 26745 | Abyss:2  | Noticed a flying skull
 26745 | Abyss:2  | Noticed a spatial maelstrom
 26746 | Abyss:2  | Noticed a flying skull
 26746 | Abyss:2  | Noticed a spatial vortex
 26748 | Abyss:2  | Slain by a spatial maelstrom
 26749 | Abyss:2  | Reached XP level 6. HP: -2/25 MP: 7/7
 26785 | Abyss:2  | Noticed a large abomination
 26840 | Abyss:2  | Noticed a large abomination
 26847 | Abyss:2  | Noticed a revenant
 26862 | Abyss:2  | Noticed a smoke demon
 26864 | Abyss:2  | Noticed a chaos spawn
 26873 | Abyss:2  | Noticed a small abomination
 26874 | Abyss:2  | Noticed a thrashing horror
 26877 | Abyss:2  | Noticed a large abomination
 26879 | Abyss:2  | XOM: summons 3 friendly demons
 26894 | Abyss:2  | Noticed a thrashing horror
 26895 | Abyss:2  | Slain by a thrashing horror
 26896 | Abyss:2  | Reached XP level 5. HP: 0/22 MP: 6/6
 26934 | Abyss:2  | Noticed a tentacled starspawn
 26948 | Abyss:2  | Noticed a large abomination
 26955 | Abyss:2  | Noticed a kobold demonologist
 26963 | Abyss:2  | Noticed a worldbinder
 26970 | Abyss:2  | Noticed a naga
 26970 | Abyss:2  | Noticed a mana viper
 26973 | Abyss:2  | Noticed a naga
 26974 | Abyss:2  | Noticed a smoke demon
 26980 | Abyss:2  | XOM: harmless Tloc miscast
 26981 | Abyss:2  | Killed from afar by a smoke demon

Skill      XL: |  1  2  3  4  5  6 |
---------------+-------------------+-----
Stealth        | 1 2 3 4 |  4.7
Unarmed Combat | 4 5 |  5.9
Dodging        | 4 5 |  5.5
Fighting       | 4 |  4.6

Action                   |  1- 3 |  4- 6 |  7- 9 || total
-------------------------+-------+-------+-------++-------
Melee: Unarmed           |    90 |   133 |   173 ||   396
       Bite              |     9 |    14 |    21 ||    44
       Headbutt          |     6 |    19 |     5 ||    30
       Punch             |       |     3 |     3 ||     6
Evoke: Wand              |     4 |    15 |     1 ||    20
  Use: Potion            |     3 |     3 |     1 ||     7
       Scroll            |     1 |     3 |     1 ||     5
 Stab: Confused          |     1 |       |       ||     1
       Sleeping          |       |     4 |     4 ||     8
       Distracted        |       |     3 |     2 ||     5
       Paralysed         |       |     3 |       ||     3
  Eat: Chunk             |    10 |    12 |    29 ||    51
       Meat ration       |       |       |     1 ||     1
Armor: Skin              |    13 |    20 |    28 ||    61
Dodge: Dodged            |    89 |   113 |   139 ||   341
